 Dungeon Crawl Stone Soup version 0.29-a0-275-g389c0b56f3 (webtiles) character file.

Game seed: 7518363313656291955

910 spaghetti the Nimble (level 8, 0/46 (48) HPs)
             Began as an Octopode Arcane Marksman on Mar 9, 2022.
             Slain by a wight
             ... wielding a +6 falchion
              (14 damage)
             ... on level 7 of the Dungeon.
             The game lasted 00:08:48 (4208 turns).

spaghetti the Nimble (Octopode Arcane Marksman)     Turns: 4208, Time: 00:08:48

HP:   0/46 (48)     AC:  3    Str: 10    XL:     8   Next: 8%
MP:   9/9           EV: 16    Int: 15    God:
Gold: 203           SH:  5    Dex: 12    Spells: 8/9 levels left

rFire   . . .      SeeInvis +   a - +1 flail (holy) {mace}
rCold   . . .      Faith    .   (no shield)
rNeg    . . .      Spirit   .   (helmet restricted)
rPois   +          Reflect  +   o - amulet of reflection
rElec   .          Harm     .   q - ring of see invisible
rCorr   .          Rampage  .   (no ring)
Will    .....                   (no ring)
Stlth   ++........              (no ring)
HPRegen 0.15/turn               (no ring)
MPRegen 0.11/turn               (no ring)
                                (no ring)
                                (no ring)

@: lightly drained
A: almost no armour, amphibious, 8 rings, camouflage 1, gelatinous body 1,
(nimble swimmer 1), tentacles, iridescent scales 1, clumsy 1, poison resistance
a: no special abilities


You were on level 7 of the Dungeon.
You visited 2 branches of the dungeon, and saw 7 of its levels.

You collected 203 gold pieces.


Innate Abilities, Weirdness & Mutations

You cannot wear most types of armour.
You are amphibious.
You can wear up to eight rings at the same time.
Your skin changes colour to match your surroundings (Stealth+).
Your rubbery body absorbs attacks. (AC +1, EV +1)
((You are camouflaged when in or above water. (Stealth+)))
You have tentacles for arms and can constrict up to eight enemies at once.
You are partially covered in iridescent scales. (AC +2)
You are clumsy. (Dex -2)
Your system is resistant to poisons. (rPois)


   Skills:
 - Level 1.4 Fighting
 - Level 2.0 Bows
 + Level 9.1 Dodging
 - Level 1.0 Spellcasting
 - Level 3.0 Hexes


You had 8 spell levels left.
You knew the following spells:

 Your Spells              Type           Power      Damage    Failure   Level
a - Slow                  Hex            36%        N/A       7%          1

Your spell library contained the following spells:

 Spells                   Type           Power      Damage    Failure   Level
 Animate Skeleton         Necr           0%         N/A       24%         1
 Magic Dart               Conj           0%         1d3       24%         1
 Pain                     Necr           0%         1d4       24%         1
 Searing Ray              Conj           0%         2d4       36%         2
 Inner Flame              Hex/Fire       5%         N/A       36%         3
 Portal Projectile        Hex/Tloc       10%        N/A       36%         3
 Cause Fear               Hex            4%         N/A       56%         4
 Vampiric Draining        Necr           0%         2d6       58%         3
 Fulminant Prism          Conj/Hex       2%         3d6       78%         4

Inventory:

Hand Weapons
 a - a +1 flail of holy wrath (weapon) {mace}
   (You took it off a gnoll on level 5 of the Dungeon)
 b - a +1 shortbow {bow}
 g - a +0 club {mace}
   (You took it off a goblin on level 2 of the Dungeon)
 n - a +3 flail {mace}
   (You took it off a wight on level 7 of the Dungeon)
Missiles
 c - 123 stones {throwing}
 d - 3 boomerangs {throwing}
Jewellery
 m - a ring of flight
   (You found it on level 2 of the Dungeon)
 o - an amulet of reflection (around mantle)
   (You found it on level 2 of the Dungeon)
 q - a ring of see invisible (left tentacle)
   (You found it on level 3 of the Dungeon)
Scrolls
 i - a scroll of fear
 j - a scroll of magic mapping {!r}
 p - a scroll of vulnerability {!r!r}
Potions
 e - a potion of brilliance
 h - a potion of flight
 k - a potion of might
 l - 2 potions of mutation {!q}

Dungeon Overview and Level Annotations

Branches:
Dungeon (5/15)             Temple (1/1) D:5

Altars:
Elyvilon
Hepliaklqana
Kikubaaqudgha
Nemelex Xobeh
Okawaru
Sif Muna
Wu Jian
Xom
Yredelemnul
The Shining One
Lugonu

Shops:
D:3 (

Annotations:
D:4 3 runed translucent doors, Eustachio; innerfire433's ghost, amateur DsMo

.# #..†..# # ## ##...##
.# ##†## #####.## #.#
###...... #.# #.....#.#
##'## #.....#.# ##...##
#.......#
##.....###.....# #
##.......##..@z.###.# #
#.........###z......#
...+.........'.......###
####.........###..).## #
##.......## #......#
##.....## ######.#
##...## .# ##+## #


You could see 2 wights.


Message History

You now have 203 gold pieces (gained 11).
A bullfrog comes into view.
A bullfrog is nearby!
A bullfrog is nearby!
An ice beast comes into view.
You hear the steady creaking of a very distant portcullis.
The helpless bullfrog fails to defend itself.
You hit the bullfrog. You grab the bullfrog. You constrict the bullfrog.
You block the bullfrog's attack. The bullfrog hits you.
The bullfrog hits you but does no damage. 😕 HP[-2]
You take 2 damage, and now have 41/43 hp.
You hit the bullfrog.
You squeeze the bullfrog, but do no damage.
You constrict the bullfrog. The bullfrog hits you. x2 😕 HP[-3]
You take 3 damage, and now have 38/43 hp.
You thump the bullfrog! You squeeze the bullfrog. You constrict the bullfrog.
The bullfrog hits you. The bullfrog misses you. 😕 HP[-2]
You take 2 damage, and now have 36/43 hp.
You hit the bullfrog.
You kill the bullfrog! 😕 HP[+1]
You sock the ice beast! Your squeeze misses the ice beast.
The ice beast closely misses you. The ice beast barely misses you.
You closely miss the ice beast. You squeeze the ice beast.
The ice beast barely misses you.
You barely miss the ice beast. You squeeze the ice beast.
The ice beast closely misses you.
You closely miss the ice beast. The ice beast hits you.
The ice beast freezes you.
The ice beast closely misses you. 😮 HP[-9]
You take 9 damage, and now have 28/43 hp.
MASSIVE DAMAGE!! (PAUSE)
You hit the ice beast.
The ice beast closely misses you. 😮 HP[+1]
You closely miss the ice beast. Your squeeze misses the ice beast.
The ice beast hits you. The ice beast freezes you!
* * * LOW HITPOINT WARNING * * *
The ice beast closely misses you. 😨 HP[-17]
You take 17 damage, and now have 12/43 hp.
MASSIVE DAMAGE!! (PAUSE)
You hit the ice beast. The ice beast misses you.
You hit the ice beast. Your squeeze misses the ice beast.
You block the ice beast's attack.
Unknown command.
You barely miss the ice beast. Your squeeze misses the ice beast.
The ice beast hits you.
* * * LOW HITPOINT WARNING * * *
The ice beast freezes you.
* * * LOW HITPOINT WARNING * * *
The ice beast completely misses you. 😱 HP[-7]
You take 7 damage, and now have 5/43 hp.
Unknown command.
You aren't carrying any items that you can evoke.
You closely miss the ice beast. The ice beast barely misses you.
You barely miss the ice beast. The ice beast barely misses you.
The ice beast misses you. 😱 HP[+1]
You hit the ice beast.
You kill the ice beast!
Your Dodging skill increases to level 9!
You have reached level 8! 😱 HP[+1] MP[+1]
You now have 48 max hp (+5).
Your mp is fully restored (9).
You start resting.
You hear the steady creaking of a very distant portcullis.
You hear the quick creaking of a very distant portcullis.
A wight comes into view.
It is wielding a +0 long sword. 😮 HP[+20]
You regained 20 hp, and now have 27/48 hp.
You are too injured to fight recklessly!
You are too injured to fight recklessly!
You are too injured to fight recklessly!
The wight hits you with a +0 long sword!
* * * LOW HITPOINT WARNING * * *
You feel drained.
* * * LOW HITPOINT WARNING * * *
😨 HP[-14]
You now have 46 max hp (-2).
You take 14 damage, and now have 13/46 hp.
MASSIVE DAMAGE!! (PAUSE)
You closely miss the wight. You grab the wight.
You tentacle-slap the wight, but do no damage.
You squeeze the wight, but do no damage.
You hear the quick creaking of a very distant portcullis.
You constrict the wight, but do no damage.
The wight misses you.
You hit the wight.
The wight convulses.
You constrict the wight. The wight barely misses you.
A wight comes into view. It is wielding a +6 falchion.
The wight closely misses you.
Okay, then.
Okay, then.
You hit the wight.
The wight convulses.
You constrict the wight. The wight closely misses you.
The wight hits you with a +6 falchion!
You die...

Skill      XL: |  1  2  3  4  5  6  7 |
---------------+----------------------+-----
Dodging        | 3 4 5 6 7 9 |  9.1
Fighting       | |  1.4
Bows           | |  2.0
Spellcasting   | |  1.0
Hexes          | |  3.0

Action                   |  1- 3 |  4- 6 |  7- 9 || total
-------------------------+-------+-------+-------++-------
Melee: Unarmed           |     2 |     2 |       ||     4
       Constrict         |     1 |    11 |     8 ||    20
       Tentacles         |     1 |    13 |    13 ||    27
       Club              |       |    43 |       ||    43
       Flail             |       |    21 |    37 ||    58
       Punch             |       |     1 |     1 ||     2
 Fire: Shortbow          |    69 |   100 |       ||   169
 Cast: Slow              |     4 |    11 |       ||    15
  Use: Scroll            |     4 |     4 |     2 ||    10
       Potion            |     1 |     9 |     1 ||    11
 Stab: Sleeping          |       |       |     1 ||     1
Armor: Skin              |       |    41 |     3 ||    44
Dodge: Dodged            |    11 |    71 |    39 ||   121
Block: Other             |       |    26 |    13 ||    39

Levels and vault maps discovered:
D:1:      saegor_arrival_simple_a, layout_basic
D:2:      layout_basic, dilly_ecumenical_altar_fadedgnrine,
          hangedman_abyss_or_decor_lesser_grid
D:3:      layout_rooms, nemelex_dance_club_becter, jmf_multi_god_temple2,
          serial_shops, nicolae_shop_overgrown_old_shop,
          ebering_dispersal_statue_hall
D:4:      layout_basic, gammafunk_ghost_necromancy, uniq_eustachio
D:5:      minmay_spotlight, layout_cave_pools,
          minmay_temple_entry_statues_fountains, uniq_crazy_yiuf_cottage,
          uniq_blork_the_orc
D:7:      layout_loops_corners, amcnicky_altar_gilded, enter_bailey_6
Temple:   corrupted_temple

Notes
Turn   | Place    | Note
-------+----------+-------------------------------------------
     0 | D:1      | spaghetti the Octopode Arcane Marksman began the quest for
                  | the Orb.
     0 | D:1      | Reached XP level 1. HP: 13/13 MP: 2/2
     0 | D:1      | magus.rc [v1.9.6]
   190 | D:1      | Reached XP level 2. HP: 18/18 MP: 3/3
   405 | D:1      | Reached skill level 3 in Dodging
   528 | D:1      | Reached XP level 3. HP: 23/23 MP: 4/4
   786 | D:1      | You pick up a book of Conjurations {@e2} and begin
                  | reading...
   786 | D:1      | You add the spells Magic Dart, Searing Ray and Fulminant
                  | Prism to your library.
  1385 | D:2      | Reached skill level 4 in Dodging
  1393 | D:2      | Reached XP level 4. HP: 28/28 MP: 5/5
  1510 | D:2      | You pick up a book of Necromancy and begin reading...
  1510 | D:2      | You add the spells Pain, Animate Skeleton and Vampiric
                  | Draining to your library.
  1705 | D:2      | Found a faded altar of an unknown god.
  1884 | D:3      | Noticed a black bear
  2042 | D:3      | Killed a black bear
  2043 | D:3      | Reached skill level 5 in Dodging
  2043 | D:3      | Reached XP level 5. HP: 33/33 MP: 6/6
  2219 | D:3      | Found a sparkling altar of Nemelex Xobeh.
  2299 | D:3      | Found Tijumn's Antique Weapon Shoppe.
  2432 | D:3      | Found a large runed translucent door.
  2432 | D:3      | Found a large runed translucent door.
  2663 | D:4      | Noticed Eustachio
  2682 | D:4      | Gained mutation: You are clumsy. (Dex -2) [potion of
                  | mutation]
  2682 | D:4      | Gained mutation: You are partially covered in iridescent
                  | scales. (AC +2) [potion of mutation]
  2682 | D:4      | Gained mutation: Your system is resistant to poisons.
                  | (rPois) [potion of mutation]
  2701 | D:5      | Entered Level 5 of the Dungeon
  2741 | D:5      | Found a staircase to the Ecumenical Temple.
  2748 | D:5      | Reached skill level 6 in Dodging
  2748 | D:5      | Reached XP level 6. HP: 38/38 MP: 7/7
  2761 | Temple   | Entered the Ecumenical Temple
  3354 | D:4      | HP: 7/38 [orc/+0 falchion (7)]
  3622 | D:4      | Found a runed translucent gate.
  3622 | D:4      | Found a runed translucent gate.
  3623 | D:4      | Found a runed translucent gate.
  3626 | D:4      | Noticed innerfire433's ghost (amateur DsMo)
  3765 | D:4      | You fall into a shaft and drop 3 floors!
  3772 | D:7      | Reached skill level 7 in Dodging
  3775 | D:7      | Reached XP level 7. HP: 43/43 MP: 8/8
  3784 | D:7      | HP: 9/39 [wight/+0 flail (4)]
  4004 | D:7      | Reached skill level 8 in Dodging
  4075 | D:7      | HP: 5/43 [ice beast (6)]
  4079 | D:7      | Reached skill level 9 in Dodging
  4079 | D:7      | Reached XP level 8. HP: 7/48 MP: 9/9
  4208 | D:7      | Slain by a wight

Vanquished Creatures
  An ice beast (D:7)
  A black bear (D:3)
  A bullfrog (D:7)
  4 wights (D:7)
  2 killer bees (D:7)
  2 hounds (D:4)
  2 orc wizards
  4 gnolls (D:5)
  4 adders
  A shadow imp (D:3)
  2 dart slugs (D:1)
  9 orcs
  11 endoplasms
  5 giant cockroaches
  7 goblins
  5 hobgoblins
  3 kobolds
  A quokka (D:1)
  8 ball pythons
  3 bats
  3 frilled lizards
  6 rats
85 creatures vanquished.

Vanquished Creatures (collateral kills)
  2 killer bees (D:7)
2 creatures vanquished.

Grand Total: 87 creatures vanquished

Table legend:
 A = Non-vault XP
 B = Vault XP
 C = Vault XP percentage of total XP
 D = Non-vault monster count
 E = Vault monster count
 F = Vault count percentage of total count
                 A         B        C        D         E       F
            +---------+---------+-------+---------+---------+-------
      Total |    1296 |       5 |   0.4 |      85 |       2 |   2.3
            +---------+---------+-------+---------+---------+-------
        D:1 |      49 |       0 |   0.0 |      26 |       0 |   0.0
        D:2 |      51 |       0 |   0.0 |      17 |       0 |   0.0
        D:3 |     180 |       5 |   2.7 |      16 |       2 |  11.1
        D:4 |     146 |       0 |   0.0 |       8 |       0 |   0.0
        D:5 |      57 |       0 |   0.0 |       4 |       0 |   0.0
        D:7 |     813 |       0 |   0.0 |      14 |       0 |   0.0
            +---------+---------+-------+---------+---------+-------

Illustrated notes

Table legend:
 A = Kills in this place as a percentage of kills in entire the game.
 B = Kills by you in this place as a percentage of kills by you in the entire game.
 C = Kills by friends in this place as a percentage of kills by friends in the entire game.
 D = Other kills in this place as a percentage of other kills in the entire game.
 E = Experience gained in this place as a percentage of experience gained in the entire game.
 F = Experience gained in this place divided by the number of levels of this place that you have seen.
                   A       B       C       D       E      F
               +-------+-------+-------+-------+-------+----------------------
         Total | 100.0 | 100.0 | 100.0 |   N/A | 100.0 | 185.9
       Dungeon | 100.0 | 100.0 | 100.0 |   N/A | 100.0 | 216.8
               +-------+-------+-------+-------+-------+----------------------

Table legend: (Time is in decaauts)
 A = Elapsed time spent in this place.
 B = Non-inter-level travel time spent in this place.
 C = Inter-level travel time spent in this place.
 D = Time resting spent in this place.
 E = Time spent auto-exploring this place.
 F = Levels seen in this place.
 G = Mean time per level.
                   A        B        C        D        E       F      G
               +--------+--------+--------+--------+--------+-----+--------+
         Total |   4302 |   4217 |     85 |    615 |   2847 |   7 |  614.6 |
       Dungeon |   4258 |   4173 |     85 |    615 |   2847 |   6 |  709.7 |
        Temple |     44 |     44 |      0 |      0 |      0 |   1 |   44.0 |
               +--------+--------+--------+--------+--------+-----+--------+

Top non-repeatable levels by time:
     D:1: 1126 daAuts
     D:4: 847 daAuts
     D:2: 810 daAuts
     D:3: 742 daAuts
     D:7: 457 daAuts
     D:5: 274 daAuts
  Temple: 44 daAuts
